 Dungeon Crawl Stone Soup version 0.24.0-13-gcf9b3192b9 (webtiles) character file.

Game seed: 3643920539702042864, levelgen mode: classic

99 EnegeticOcto the Chopper (level 4, -9/37 HPs)
             Began as a Demigod Gladiator on Nov 6, 2019.
             Killed by divine providence
             ... invoked by an orc priest
              (18 damage)
             ... on level 3 of the Dungeon.
             The game lasted 00:01:43 (2480 turns).

EnegeticOcto the Chopper (Demigod Gladiator)        Turns: 2480, Time: 00:01:43

Health: -9/37      AC:  5    Str: 19    XL:     4   Next: 22%
Magic:  6/6        EV: 10    Int: 12    God:
Gold:   123        SH:  8    Dex: 19    Spells: 3/3 levels left

rFire    . . .     SeeInvis .   a - +0 war axe
rCold    . . .     Gourm    .   t - +0 shield
rNeg     + . .     Faith    .   b - +0 leather armour
rPois    .         Spirit   .   n - +2 hat
rElec    .         Reflect  .   (no cloak)
rCorr    .         Harm     +   (no gloves)
MR       .....                  (no boots)
Stlth    +.........             z - amulet of harm
HPRegen  0.12/turn              s - +2 ring of dexterity
MPRegen  0.10/turn              j - ring of positive energy

@: no status effects
A: high mp 1
a: no special abilities


You were on level 3 of the Dungeon.
You were not hungry.

You visited 1 branch of the dungeon, and saw 3 of its levels.

You collected 123 gold pieces.

Inventory:

Hand Weapons
 a - a +0 war axe (weapon)
Missiles
 d - 3 throwing nets (quivered) {!f}
 x - 12 poisoned darts
Armour
 b - a +0 leather armour (worn)
 c - a +0 helmet
 n - a +2 hat (worn)
 t - a +0 shield (worn)
Jewellery
 j - a ring of positive energy (right hand)
 s - a +2 ring of dexterity (left hand)
 z - an amulet of harm (around neck)
Scrolls
 i - 2 scrolls of blinking {unknown}
 o - 2 scrolls of remove curse {unknown}
 u - a scroll of teleportation {unknown}
 y - 2 scrolls of enchant armour {unknown}
Potions
 f - a potion of flight {unknown}
 g - a potion of mutation {unknown}
 h - a potion of heal wounds {unknown}
 l - a potion of haste {unknown}
 m - 2 potions of resistance {unknown}
 p - 2 potions of agility {unknown}
 q - 2 potions of invisibility {unknown}
 r - a potion of brilliance {unknown}
 v - 2 potions of curing {unknown}
 w - a potion of lignification {unknown}
Comestibles
 e - 5 rations
 k - 4 chunks of flesh


   Skills:
 + Level 2.4 Fighting
 * Level 3.6 Axes
 - Level 1.7 Throwing
 + Level 1.3 Armour
 + Level 3.1 Dodging
 * Level 0.3 Shields


You had 3 spell levels left.
You didn't know any spells.
Your spell library was empty.

Dungeon Overview and Level Annotations

Branches:
Dungeon (3/15)


Innate Abilities, Weirdness & Mutations

You have an increased reservoir of magic. (+10% MP)


Message History

You see here a quokka corpse.
You butcher the quokka corpse.
k - 4 chunks of flesh (gained 2)
You see here a quokka skeleton. x2
You butcher the goblin corpse.
k - 5 chunks of flesh (gained 1)
You see here a goblin skeleton. x2
You now have 110 gold pieces (gained 8).
z - a thin soapstone amulet Some of the chunks of flesh in your inventory have rotted away.
You now have 123 gold pieces (gained 13).
Found a stone staircase leading down.
v - 2 golden potions (gained 1)
You open the door.
Found a robe.
z - an amulet of harm (around neck)
There is an open door here.
You see here a robe.
An orc comes into view.
An orc is nearby!
An orc is nearby!
An orc is nearby! 2 orcs come into view.
The orc shouts! x3; You hear an angry hiss.
A ball python comes into view.
Found 3 silver boomerangs.
A hobgoblin comes into view. It is wielding a +0 club.
You block the orc's attack.
You barely miss the orc. You hit the orc. You block the orc's attack.
The orc barely misses you.
You hit the orc.
You kill the orc!
You hit the orc.
You kill the orc!
The orc hits you but does no damage. You block the ball python's attack. x2
You slash the orc!
You kill the orc!
You hit the hobgoblin. You barely miss the ball python.
The hobgoblin hits you but does no damage.
An orc comes into view. It is wielding a +0 hand axe.
The ball python barely misses you. The ball python closely misses you.
You block the hobgoblin's attack.
You completely miss the hobgoblin.
The hobgoblin is heavily wounded.
You hit the ball python.
You kill the ball python!
You block the hobgoblin's attack.
You hit the hobgoblin.
You kill the hobgoblin!
The orc barely misses you.
Found an orange potion.
Items here: )) [[ †† You hit the orc but do no damage.
The orc closely misses you.
You hit the orc.
The orc is almost dead.
The orc hits you with a +0 hand axe.
You closely miss the orc.
The orc is almost dead.
The orc hits you with a +0 hand axe.
You slash the orc!
You kill the orc!
No target in view!
No target in view!
No target in view!
No target in view!
No target in view!
An orc comes into view. It is wielding a +0 dagger.
An orc is nearby!
An orc is nearby!
An orc is nearby!
You see here a +0 hand axe.
The orc shouts!
You hear a shout!
The orc hits you with a +0 dagger.
An orc priest comes into view.
You slash the orc!
You kill the orc!
A bat comes into view.
The bat moves out of view.
An orc comes into view.
Things that are here:
a +0 dagger; a golden potion; an orc corpse The orc priest hits you.
You closely miss the orc priest.
The orc priest mumbles some strange prayers to Beogh against you.
Beogh smites you!
* * * LOW HITPOINT WARNING * * *
An orc comes into view.
You block the orc priest's attack.
The orc shouts!
You are too injured to fight recklessly!
There are monsters nearby!
You are too injured to fight recklessly!
You are too injured to fight recklessly!
You barely miss the orc priest.
The orc priest begins to cast a cantrip, but forgets the words!
The orc hits you but does no damage.
You barely miss the orc priest. You hit the orc.
The orc priest invokes the aid of Beogh against you.
Beogh smites you!
You die...

.... #... ##### #
#.o. #...# #. ...
############...#
.. ..
........[..'....
#.#b
######.####...#
#..o##
##.########
##o@#### #......#
#...)..# #......#
#......###......#
#......)).......#
####...()$......#
##.....#+#####
......##..
!..##..# ... ....
...# ...#


You could see an orc priest, 2 orcs and a bat.

Vanquished Creatures
  2 adders
  2 gnolls (D:2)
  A dart slug (D:2)
  4 leopard geckos
  5 orcs (D:3)
  8 bats
  A giant cockroach (D:1)
  6 goblins
  4 hobgoblins
  5 kobolds
  A quokka (D:3)
  2 ball pythons
  3 frilled lizards
  6 rats
50 creatures vanquished.

Notes
Turn   | Place    | Note
-------+----------+-------------------------------------------
     0 | D:1      | EnegeticOcto the Demigod Gladiator began the quest for the
                  | Orb.
     0 | D:1      | Reached XP level 1. HP: 17/17 MP: 3/3
   197 | D:1      | Reached XP level 2. HP: 22/24 MP: 4/4
  1271 | D:2      | Reached skill level 1 in Armour
  1271 | D:2      | Reached XP level 3. HP: 24/29 MP: 5/5
  1338 | D:2      | Found a white marble altar of Elyvilon.
  2292 | D:3      | Found a blossoming altar of Fedhas.
  2308 | D:3      | Reached XP level 4. HP: 35/37 MP: 6/6
  2480 | D:3      | Killed from afar by an orc priest

Levels and vault maps discovered:
D:1:      lightli_arrival_noodles, layout_loops_corners
D:2:      layout_loops_ring, elyvilon_altar_4
D:3:      layout_basic, fedhas_altar_1

Skill      XL: |  1  2 |
---------------+-------+-----
Fighting       | 2 |  2.4
Axes           | 3 |  3.6
Armour         | 1 |  1.3
Dodging        | 3 |  3.1
Throwing       | |  1.7
Shields        | |  0.3

Action                   |  1- 3 |  4- 6 || total
-------------------------+-------+-------++-------
Melee: War axe           |   116 |    15 ||   131
 Stab: Sleeping          |     6 |       ||     6
  Eat: Chunk             |     4 |     1 ||     5
Armor: Leather armour    |    42 |     3 ||    45
Dodge: Dodged            |    81 |     5 ||    86
Block: Shield            |     6 |     9 ||    15
